 Dungeon Crawl Stone Soup version 0.20-a0-433-g9e36e56 (webtiles) character file.

89 mopl the Covered (level 4, 3/40 HPs)
             Began as a Hill Orc Wanderer on Jan 3, 2017.
             Was a Follower of Trog.
             Quit the game on level 3 of the Dungeon.
             The game lasted 00:03:15 (1780 turns).

mopl the Covered (Hill Orc Wanderer)                Turns: 1780, Time: 00:03:15

Health: 3/40       AC: 10    Str: 15    XL:     4   Next: 55%
Magic:  5/5        EV:  9    Int: 12    God:    Trog [*.....]
Gold:   144        SH:  0    Dex: 10    Spells: 3/3 levels left

rFire  . . .     SeeInvis .     r - +0 hand axe
rCold  . . .     Gourm    .     l - +0 scale mail (curse)
rNeg   + . .     Faith    .     (no shield)
rPois  .         Spirit   .     (no helmet)
rElec  .         Reflect  .     (no cloak)
rCorr  .         Harm     .     g - +2 pair of gloves
MR     .....                    (no boots)
Stlth  +.........               (no amulet)
                                j - ring of stealth
                                u - ring of positive energy

@: no status effects
A: no striking features
a: Berserk, Burn Spellbooks, Renounce Religion


You were on level 3 of the Dungeon.
You worshipped Trog.
Trog was aware of your devotion.
You were not hungry.

You visited 1 branch of the dungeon, and saw 3 of its levels.

You collected 144 gold pieces.

Inventory:

Hand Weapons
 b - a +0 shortbow
 r - a +0 hand axe (weapon)
Missiles
 c - 56 arrows
 q - 42 bolts
Armour
 a - a +2 scale mail
 g - a +2 pair of gloves (worn)
 l - a cursed +0 scale mail (worn)
Jewellery
 e - an uncursed ring of flight
 j - a ring of stealth (right hand)
 u - a ring of positive energy (left hand)
Scrolls
 d - a scroll of teleportation
 h - 2 scrolls of identify {unknown}
 m - a scroll of magic mapping {unknown}
 n - a scroll of noise {unknown}
Books
 o - a book of Maledictions

   Spells                             Type                      Level
   a - Corona                         Hexes                        1
   b - Ensorcelled Hibernation        Hexes/Ice                    2
   c - Confuse                        Hexes                        3
   d - Tukima's Dance                 Hexes                        3
   e - Dazzling Spray                 Conjuration/Hexes            3
   Trog disapproves of the use of such an item.
Comestibles
 f - 2 bread rations
 k - 3 beef jerkies
 s - a meat ration
 t - 2 chunks of flesh


   Skills:
 + Level 4.1 Fighting
 * Level 2.0(2.6) Axes
   Level 2.1(2.4) Maces & Flails
   Level 1.0 Crossbows
 + Level 4.3 Armour
 - Level 2.0 Evocations


You had 3 spell levels left.
You didn't know any spells.

Dungeon Overview and Level Annotations

Branches:
Dungeon (3/15)

Altars:
Trog

Annotations:
D:3 Sigmund


Message History

Moving in this stuff is going to be slow.
Found a faded altar of an unknown god.
A giant cockroach comes into view.
The giant cockroach moves out of view.
There is a faded altar of an unknown god here.
You cannot tell which god this altar belongs to.
Convert to them anyway?
Trog accepts your prayer! Trog welcomes you!
You can now call upon Trog to burn spellbooks in your surroundings.
You can now go berserk at will.
You enter the shallow water.
Moving in this stuff is going to be slow.
You enter the shallow water.
Moving in this stuff is going to be slow.
You closely miss the giant cockroach.
The giant cockroach bites you but does no damage.
The giant cockroach appears out of thin air!
The giant cockroach bites you.
* * * LOW HITPOINT WARNING * * *
Are you sure you want to abandon this character and quit the game? (Confirm with "yes".)

......
########......
#...≈....≈≈..≈..
#≈.≈≈≈..≈≈≈.≈..#
#..≈≈≈≈≈≈≈≈≈≈≈.#
#.≈≈≈≈≈≈≈≈≈≈.≈.#
#.s≈≈≈≈s≈≈≈≈...#
#.≈≈≈≈@♣♣≈≈≈...#
#.≈≈≈≈._♣≈≈≈...#
#.≈≈≈≈..≈≈≈≈≈..#
#.≈≈≈≈≈≈≈≈≈≈...#
#≈≈≈≈≈≈≈≈≈≈≈≈.##
#..≈≈≈≈≈≈≈≈≈≈≈#
#.≈..≈.≈.≈.≈..#
#.........≈.≈.#
###############


You could see 2 giant cockroaches.

Vanquished Creatures
  3 adders (D:2)
  An ooze (D:2)
  A worm (D:2)
  A dart slug (D:2)
  6 leopard geckos
  A ball python (D:2)
  2 bats
  A giant cockroach (D:2)
  3 hobgoblins
  4 jackals
  5 kobolds
  2 quokkas (D:2)
  2 frilled lizards (D:1)
  5 goblins
  9 rats
46 creatures vanquished.

Notes
Turn   | Place    | Note
-------+----------+-------------------------------------------
     0 | D:1      | mopl the Hill Orc Wanderer began the quest for the Orb.
     0 | D:1      | mopl set off with: a +2 scale mail, a +0 shortbow, 32 arrows, a scroll of teleportation, a bread ration
     0 | D:1      | Reached XP level 1. HP: 18/18 MP: 2/2
   173 | D:1      | Reached XP level 2. HP: 20/25 MP: 3/3
   208 | D:1      | Reached skill level 3 in Fighting
   589 | D:1      | Reached XP level 3. HP: 31/31 MP: 4/4
   804 | D:2      | Reached skill level 4 in Armour
  1251 | D:2      | Reached skill level 1 in Axes
  1251 | D:2      | Reached XP level 4. HP: 40/40 MP: 5/5
  1461 | D:2      | Reached skill level 4 in Fighting
  1545 | D:2      | Reached skill level 2 in Axes
  1718 | D:3      | Noticed Sigmund
  1767 | D:3      | HP: 2/40 [something (7)]
  1769 | D:3      | Found a faded altar of an unknown god.
  1774 | D:3      | Became a worshipper of Trog the Wrathful
  1774 | D:3      | Reached * piety under Trog
  1780 | D:3      | Quit the game

Vault maps used:
D:1:      roderic_dead_forest, nrook_mini_vaults, minmay_pentomino_t2
D:2:      kennysheep_generic_room_6
D:3:      vehumet_crystals, grunt_temple_overflow_open, gup_sewer_entry_bubbles,
          first_bread, chequers_ecumenical_altar_island, st_stairs_9,
          uniq_sigmund

Skill      XL: |  1  2  3  4 |
---------------+-------------+-----
Fighting       | 3 4 |  4.1
Armour         | 4 |  4.3
Axes           | 1 2 |  2.0
Maces & Flails | |  2.1
Crossbows      | |  1.0
Evocations     | |  2.0

Action                   |  1- 3 |  4- 6 || total
-------------------------+-------+-------++-------
Melee: Hand axe          |       |     8 ||     8
 Fire: Shortbow          |   136 |    71 ||   207
  Use: Potion            |       |     2 ||     2
       Scroll            |       |     1 ||     1
  Eat: Chunk             |     1 |     2 ||     3
Armor: Scale mail        |    59 |    50 ||   109
       Skin              |       |     2 ||     2
Dodge: Dodged            |    52 |    44 ||    96
